[Event "Titled Tuesday Blitz October 25 Late 2022"]
[White "Sanal, Vahap"]
[Black "Bilan, Danila"]
[WhiteFideId "6300545"]
[BlackFideId "24161918"]
[WhiteElo "2574"]
[BlackElo "2203"]
[Result "1-0"]
[Round "03"]
[TimeControl "180+1"]
[Date "2022.10.26"]
[WhiteClock "0:00:47"]
[BlackClock "0:00:04"]

1. Nc3 d5 2. Nf3 c5 3. e4 d4 4. Bb5+ Bd7 5. Bxd7+ Qxd7 6. Ne2 Nc6 7. O-O e5 8. d3 g6 9. Nd2 Bg7 10. a4 Nge7 11. Nc4 O-O 12. f4 f5 13. Ng3 Rae8 14. Bd2 b6 15. Qe2 fxe4 16. Nxe4 Nd5 17. fxe5 Nxe5 18. Nxe5 Rxf1+ 19. Rxf1 Rxe5 20. b3 Rf5 21. Re1 h6 22. h3 Kh7 23. Rf1 Rxf1+ 24. Qxf1 Be5 25. Qf8 Bg7 26. Qf3 Qf5 27. Qxf5 gxf5 28. Nd6 Ne7 29. Nb5 Nc6 30. Kf2 Kg6 31. Bf4 Kf7 32. Nd6+ Ke6 33. Ne8 Bf8 34. Nc7+ Kd7 35. Nb5 a6 36. Na3 Ke6 37. Bc7 b5 38. axb5 axb5 39. Nxb5 Nb4 40. Na3 Be7 41. Ba5 Nd5 42. Nc4 Bh4+ 43. Kf3 Bg5 44. Bd2 Bxd2 45. Nxd2 Nb4 46. Ke2 Nxc2 47. Nc4 Nb4 48. Nd2 Nc2 49. Nc4 Nb4 50. Kd2 Kd5 51. Nb6+ Ke5 52. Nd7+ Kf4 53. Nxc5 Kg3 54. Ne6 Nc6 55. Ng7 f4 56. Nh5+ Kxg2 57. Nxf4+ Kg3 58. Nd5 Kxh3 59. b4 Kg2 60. b5 Nb8 61. b6 h5 62. Nf4+ Kf3 63. Nxh5 Kg4 64. Nf6+ Kf5 65. Ne4 Ke5 66. Kc2 Kd5 67. Nd2 Kc5 68. Nc4 Nc6 69. Kb3 Nb8 70. Ka4 Kc6 71. Ka5 Kc5 72. Ne5 Kd5 73. Nf7 Kc5 74. Nd8 Kd6 75. Kb5 Kd7 76. Nb7 Ke7 77. Na5 Ke6 78. Nc6 Nd7 79. b7 Kf5 80. b8=Q Nxb8 81. Nxb8 Kf4 82. Kc4 Ke3 83. Nc6 1-0


[Site "https://www.chess.com"]

[Event "Titled Tuesday Blitz October 25 Late 2022"]
[White "Sarana, Alexey"]
[Black "Srbis, Jurica"]
[WhiteFideId "24133795"]
[BlackFideId "14515555"]
[WhiteElo "2689"]
[BlackElo "2481"]
[Result "1-0"]
[Round "03"]
[TimeControl "180+1"]
[Date "2022.10.26"]
[WhiteClock "0:01:27"]
[BlackClock "0:00:51"]

1. c4 Nf6 2. Nc3 g6 3. e4 d6 4. d4 Bg7 5. Be2 O-O 6. Be3 Na6 7. h3 e5 8. d5 Nc5 9. Qc2 a5 10. Nf3 Nh5 11. g3 f5 12. Bxc5 dxc5 13. exf5 Bxf5 14. Ne4 Nf6 15. Bd3 Nxe4 16. Bxe4 Bxe4 17. Qxe4 Qf6 18. Ke2 Ra6 19. Rad1 Qf5 20. Qxf5 gxf5 21. Ng5 Rb6 22. b3 a4 23. Ne6 axb3 24. Nxf8 Kxf8 25. axb3 Rxb3 26. Rb1 Ra3 27. Ra1 Rc3 28. Rhc1 Rb3 29. Rcb1 Rxb1 30. Rxb1 b6 31. d6 cxd6 32. Rxb6 Ke7 33. Rb7+ Kf6 34. Rd7 1-0


[Site "https://www.chess.com"]

[Event "Titled Tuesday Blitz October 25 Late 2022"]
[White "Sernecki, Franciszek"]
[Black "Rodriguez Santiago, Jaime"]
[WhiteFideId "1169297"]
[BlackFideId "3100898"]
[WhiteElo "2209"]
[BlackElo "2025"]
[Result "1-0"]
[Round "03"]
[TimeControl "180+1"]
[Date "2022.10.26"]
[WhiteClock "0:02:37"]
[BlackClock "0:00:26"]

1. c4 Nf6 2. Nc3 e5 3. g3 Bb4 4. Nd5 Be7 5. Bg2 c6 6. Nxe7 Qxe7 7. e3 O-O 8. Ne2 d5 9. cxd5 cxd5 10. d4 e4 11. Qb3 Nc6 12. Bd2 a5 13. Rc1 Be6 14. Nc3 Nb4 15. O-O Nd3 16. Rc2 Qb4 17. Na4 Qxb3 18. axb3 b5 19. Nc5 Rfc8 20. h3 Rc6 21. Ra1 b4 22. Bf1 Nxc5 23. Rxc5 Rxc5 24. dxc5 d4 25. exd4 Bxb3 26. Bxb4 Rd8 27. Bxa5 Rxd4 28. c6 Be6 29. c7 h5 30. Rc1 Bc8 31. Rc6 Nd5 32. Ba6 Bxa6 33. Rxa6 Nxc7 34. Bxc7 Rb4 35. Be5 f6 36. Bc3 Rb7 37. Ra5 h4 38. gxh4 Rd7 39. h5 Rd3 40. Kg2 Kh7 41. Rf5 Kh6 42. Rf4 e3 43. fxe3 Rxe3 44. Rg4 Re2+ 45. Kf3 Kxh5 46. Rxg7 1-0


[Site "https://www.chess.com"]

[Event "Titled Tuesday Blitz October 25 Late 2022"]
[White "Shapiro, Daniel"]
[Black "Yurtseven, Melih"]
[WhiteFideId "2001780"]
[BlackFideId "6312160"]
[WhiteElo "2235"]
[BlackElo "2218"]
[Result "0-1"]
[Round "03"]
[TimeControl "180+1"]
[Date "2022.10.26"]
[WhiteClock "0:00:31"]
[BlackClock "0:00:28"]

1. d4 e6 2. c4 Nf6 3. g3 c5 4. d5 exd5 5. cxd5 d6 6. Nc3 g6 7. Nf3 Bg7 8. Nd2 O-O 9. Nc4 b6 10. Bf4 Ne8 11. Ne4 Ba6 12. Nexd6 Nxd6 13. Nxd6 g5 14. Nf5 gxf4 15. Nxg7 Kxg7 16. Bg2 Qd6 17. O-O Nd7 18. Qd2 fxg3 19. hxg3 Ne5 20. Qg5+ Ng6 21. f4 f5 22. Bf3 Rae8 23. Kf2 Qf6 24. Qh5 Qd4+ 25. Kg2 Rf7 26. b3 Kh8 27. Rh1 Rg8 28. Rad1 Nxf4+ 29. Kf1 Qxd1+ 0-1


[Site "https://www.chess.com"]

[Event "Titled Tuesday Blitz October 25 Late 2022"]
[White "Shipov, Sergei"]
[Black "Jobava, Baadur"]
[WhiteFideId "4113624"]
[BlackFideId "13601520"]
[WhiteElo "2744"]
[BlackElo "2582"]
[Result "0-1"]
[Round "03"]
[TimeControl "180+1"]
[Date "2022.10.26"]
[WhiteClock "0:00:09"]
[BlackClock "0:00:10"]

1. d4 d5 2. c4 dxc4 3. Nf3 Nf6 4. e3 Bg4 5. Bxc4 e6 6. h3 Bh5 7. g4 Bg6 8. Ne5 Nbd7 9. Nxg6 hxg6 10. Nc3 c6 11. Qf3 Bd6 12. g5 Nd5 13. e4 N5b6 14. Bb3 Qe7 15. Kf1 O-O-O 16. e5 Bc7 17. Ne4 Rhf8 18. Qg4 Kb8 19. Bf4 Nd5 20. Bg3 f5 21. exf6 gxf6 22. Bxc7+ Nxc7 23. Qg3 f5 24. Nc3 e5 25. Re1 Rde8 26. h4 Qb4 27. dxe5 f4 28. Qh3 Nxe5 29. Re4 Qd6 30. h5 f3 31. hxg6 Qxg6 32. Qg3 Qd6 33. Rh6 Qc5 34. g6 Rh8 35. Rxh8 Rxh8 36. Kg1 Nxg6 37. Qxg6 a5 38. Re3 a4 39. Bxa4 Nd5 40. Rxf3 Qd4 41. Qg3+ Ka7 42. Nxd5 cxd5 43. Bb3 Qxb2 44. Kg2 Qc1 45. Qg5 Qxg5+ 46. Kf1 Qe5 47. Re3 Qa1+ 48. Ke2 Qd4 49. Rd3 Qe5+ 50. Kd2 Qb2+ 51. Ke3 Re8+ 52. Kf3 Qf6+ 53. Kg2 Rg8+ 54. Kf1 Rf8 55. f3 Qf5 56. Ke2 Re8+ 57. Kd2 Qf4+ 58. Kc3 Rc8+ 59. Kb2 Qe5+ 60. Ka3 d4 61. Rd1 Qc5+ 62. Kb2 Qc3+ 63. Kb1 d3 64. f4 d2 0-1


[Site "https://www.chess.com"]

[Event "Titled Tuesday Blitz October 25 Late 2022"]
[White "Sibilio, Mario"]
[Black "Banzea, Alexandru-Bogdan"]
[WhiteFideId "800422"]
[BlackFideId "1232622"]
[WhiteElo "2296"]
[BlackElo "2294"]
[Result "0-1"]
[Round "03"]
[TimeControl "180+1"]
[Date "2022.10.26"]
[WhiteClock "0:00:01"]
[BlackClock "0:00:11"]

1. Nf3 Nf6 2. d4 g6 3. c4 Bg7 4. e3 O-O 5. Be2 d6 6. Nc3 Nbd7 7. O-O e5 8. Qc2 Re8 9. Rd1 e4 10. Nd2 Qe7 11. f3 exf3 12. Nxf3 Nf8 13. h3 Bf5 14. Bd3 Bxd3 15. Qxd3 Ne4 16. Nxe4 Qxe4 17. Qxe4 Rxe4 18. Bd2 Bh6 19. Kf2 Rae8 20. Re1 f5 21. g3 Nd7 22. Re2 Nf6 23. Rae1 R4e7 24. Kg2 Ne4 25. Bc1 Bg7 26. d5 Nc5 27. Rd1 a5 28. Nd4 Re4 29. Kf1 Bh6 30. Kf2 R4e7 31. Kf3 Bg7 32. b3 h5 33. h4 Bh6 34. Bd2 Kf7 35. Rde1 b6 36. Nc6 Re4 37. Nd4 Nd3 38. Rd1 Ne5+ 39. Kg2 Ng4 40. Ne6 Bxe3 41. Bc3 Bh6 42. Rxe4 fxe4 0-1


[Site "https://www.chess.com"]

[Event "Titled Tuesday Blitz October 25 Late 2022"]
[White "Silva Rosas, Natalia"]
[Black "Sarkar, Justin"]
[WhiteFideId "3000575"]
[BlackFideId "2010011"]
[WhiteElo "1752"]
[BlackElo "2250"]
[Result "0-1"]
[Round "03"]
[TimeControl "180+1"]
[Date "2022.10.26"]
[WhiteClock "0:00:13"]
[BlackClock "0:00:08"]

1. e4 e5 2. d4 exd4 3. c3 Qe7 4. Ne2 Qxe4 5. cxd4 d5 6. Be3 c6 7. Nbc3 Qg6 8. Ng3 Bd6 9. Bd3 Qg4 10. Qb3 Ne7 11. h3 Qh4 12. Nce2 O-O 13. O-O Nd7 14. Nf5 Nxf5 15. Bxf5 Nb6 16. Bxc8 Raxc8 17. f4 f5 18. Bf2 Qf6 19. Qg3 Rfe8 20. Nc3 Nc4 21. b3 Nd2 22. Rfd1 Ne4 23. Nxe4 Rxe4 24. Re1 Bxf4 25. Qf3 Rce8 26. Rxe4 fxe4 27. Qd1 e3 28. Be1 e2 29. Qd3 Be3+ 30. Kh1 Qf1+ 31. Kh2 Bg1+ 32. Kg3 Re3+ 33. Qxe3 Bxe3 34. Bd2 Qf4# 0-1


[Site "https://www.chess.com"]

[Event "Titled Tuesday Blitz October 25 Late 2022"]
[White "Sokolovsky, Yahli"]
[Black "Maksimovic, Bojan"]
[WhiteFideId "2820242"]
[BlackFideId "14408120"]
[WhiteElo "2316"]
[BlackElo "2447"]
[Result "0-1"]
[Round "03"]
[TimeControl "180+1"]
[Date "2022.10.26"]
[WhiteClock "0:00:38"]
[BlackClock "0:01:35"]

1. b3 Nf6 2. Bb2 g6 3. Nf3 Bg7 4. g3 d6 5. d4 c5 6. dxc5 Qa5+ 7. Nbd2 Qxc5 8. Bg2 Ng4 9. Ne4 Qb4+ 10. c3 Qxe4 11. O-O O-O 12. h3 Nf6 13. Nd4 Qe5 14. c4 Qa5 15. Qc2 Nc6 16. Nxc6 bxc6 17. Bxc6 Bxh3 18. Bxa8 Bxf1 19. Bf3 Bh3 20. Bd4 Bf5 21. Qb2 e5 22. Bc3 Qc7 23. Rd1 Ne4 24. Bxe4 Bxe4 25. Bb4 Rd8 26. Qa3 d5 27. Ba5 Qd6 28. c5 Qa6 29. Rc1 Rc8 30. Qb4 Qxe2 31. Qb7 Rf8 0-1


[Site "https://www.chess.com"]

[Event "Titled Tuesday Blitz October 25 Late 2022"]
[White "Stoyanov, Tsvetan"]
[Black "Dilmukhametov, Artur"]
[WhiteFideId "2917173"]
[BlackFideId "24179922"]
[WhiteElo "2349"]
[BlackElo "2197"]
[Result "0-1"]
[Round "03"]
[TimeControl "180+1"]
[Date "2022.10.26"]
[WhiteClock "0:00:05"]
[BlackClock "0:01:12"]

1. e4 e6 2. d4 d5 3. Nd2 Nf6 4. e5 Nfd7 5. Bd3 c5 6. c3 Nc6 7. Ne2 cxd4 8. cxd4 f6 9. exf6 Nxf6 10. O-O Bd6 11. Nf3 O-O 12. Bf4 Bxf4 13. Nxf4 Ne4 14. Qc1 Qf6 15. Nh5 Qg6 16. Ng3 Nxg3 17. Qd1 Ne4 18. Rc1 Bd7 19. Qe2 Rf4 20. Qe3 Raf8 21. Nd2 Qf6 22. Bxe4 dxe4 23. g3 Rg4 24. h3 Rg6 25. Nxe4 Qxd4 26. Qe2 Qb6 27. Rfd1 Nd4 28. Qd3 e5 29. Nc5 Bxh3 30. Qe4 Qxb2 31. Nd3 Qe2 32. Qd5+ Kh8 33. Nxe5 Qxe5 34. Kh1 Qxd5+ 0-1


[Site "https://www.chess.com"]

[Event "Titled Tuesday Blitz October 25 Late 2022"]
[White "Svane, Rasmus"]
[Black "Javakhadze, Zurab"]
[WhiteFideId "4657101"]
[BlackFideId "13603647"]
[WhiteElo "2674"]
[BlackElo "2381"]
[Result "1-0"]
[Round "03"]
[TimeControl "180+1"]
[Date "2022.10.26"]
[WhiteClock "0:02:04"]
[BlackClock "0:00:35"]

1. Nf3 d5 2. g3 Nf6 3. Bg2 e6 4. O-O Be7 5. c4 O-O 6. b3 b6 7. d4 Bb7 8. Nc3 Nbd7 9. Bb2 c5 10. Ne1 cxd4 11. Qxd4 Bc5 12. Qd2 Ne4 13. Nxe4 dxe4 14. Rd1 Nf6 15. Qc2 Qe7 16. Bxf6 Qxf6 17. Bxe4 Bxe4 18. Qxe4 Rad8 19. Nd3 Ba3 20. Kg2 g6 21. Ne5 Bd6 22. Nf3 Rd7 23. Rd2 Rfd8 24. Rfd1 Qe7 25. Nd4 1-0


[Site "https://www.chess.com"]

[Event "Titled Tuesday Blitz October 25 Late 2022"]
[White "Szente Varga, Fruzsina"]
[Black "Arbunic Castro, Giovanna"]
[WhiteFideId "712264"]
[BlackFideId "3400549"]
[WhiteElo "1994"]
[BlackElo "1876"]
[Result "1-0"]
[Round "03"]
[TimeControl "180+1"]
[Date "2022.10.26"]
[WhiteClock "0:00:48"]
[BlackClock "0:00:03"]

1. e4 g6 2. d4 Bg7 3. Be3 Nf6 4. f3 d5 5. e5 Nfd7 6. Qd2 e6 7. Bg5 f6 8. exf6 Bxf6 9. Bh6 c5 10. c3 Nc6 11. Bb5 cxd4 12. Bxc6 bxc6 13. cxd4 Qb6 14. Ne2 c5 15. dxc5 Qxb2 16. Qe3 Kf7 17. O-O Qxa1 18. Nbc3 Qb2 19. Rb1 Qa3 20. c6 Nc5 21. Rb5 d4 22. Nxd4 Ba6 23. Rb1 Rad8 24. Ndb5 1-0


[Site "https://www.chess.com"]

[Event "Titled Tuesday Blitz October 25 Late 2022"]
[White "Szpar, Milosz"]
[Black "Ibadov, Dashgyn"]
[WhiteFideId "1184989"]
[BlackFideId "24107514"]
[WhiteElo "2422"]
[BlackElo "2208"]
[Result "1-0"]
[Round "03"]
[TimeControl "180+1"]
[Date "2022.10.26"]
[WhiteClock "0:00:30"]
[BlackClock "0:00:37"]

1. d4 Nf6 2. Bg5 Ne4 3. h4 d5 4. Nd2 h6 5. Bf4 Nxd2 6. Qxd2 e6 7. g4 Bd6 8. Nf3 b6 9. Rg1 Bb7 10. e3 Bxf4 11. exf4 Qd6 12. O-O-O Nd7 13. Kb1 f6 14. Bb5 O-O-O 15. Bxd7+ Qxd7 16. h5 Rde8 17. Nh4 Kb8 18. Ng6 Rhg8 19. g5 hxg5 20. fxg5 e5 21. gxf6 gxf6 22. dxe5 fxe5 23. Nxe5 Qf5 24. Rxg8 Rxg8 25. f4 Qxh5 26. Nd7+ Ka8 27. Nf6 Qf7 28. Nxg8 Qxg8 29. Re1 a6 30. f5 Qf7 31. Qf4 c5 32. f6 d4 33. b3 Ka7 34. Re7 Qh5 35. Qc7 1-0


[Site "https://www.chess.com"]

[Event "Titled Tuesday Blitz October 25 Late 2022"]
[White "Tang, Andrew"]
[Black "Papp, Levente"]
[WhiteFideId "2059630"]
[BlackFideId "751243"]
[WhiteElo "2581"]
[BlackElo "2380"]
[Result "1-0"]
[Round "03"]
[TimeControl "180+1"]
[Date "2022.10.26"]
[WhiteClock "0:00:03"]
[BlackClock "0:00:01"]

1. Nh3 h6 2. b4 a5 3. b5 d6 4. g3 Nf6 5. Bg2 g5 6. Bb2 Bg7 7. c4 e5 8. Ng1 O-O 9. h4 g4 10. d3 c6 11. Na3 Qe7 12. e3 d5 13. Ne2 Rd8 14. bxc6 bxc6 15. O-O Na6 16. cxd5 cxd5 17. Nb5 Bd7 18. a4 Nb4 19. d4 e4 20. Qb3 Rdc8 21. Ba3 Bf8 22. Nf4 Qd8 23. Bxb4 Bxb4 24. Nxd5 Be6 25. Nxf6+ Qxf6 26. Qb1 Bc4 27. Qxe4 Bxf1 28. Qxg4+ Kh8 29. Bxa8 Rg8 30. Qf3 Qxf3 31. Bxf3 Bd3 32. Rc1 Bf5 33. Rc6 Kh7 34. Nd6 Be6 35. Be4+ Kg7 36. d5 Bd7 37. Nf5+ Bxf5 38. Bxf5 Rd8 39. e4 Rd6 40. f4 Rd8 41. Kf2 Rb8 42. d6 Rd8 43. d7 Kf8 44. Rxh6 Ke7 45. Rc6 Bd6 46. e5 Bb8 47. Rc8 Ba7+ 48. Kf3 Bb6 49. Rxd8 Kxd8 50. h5 Ke7 51. h6 Kf8 52. g4 Bd8 53. g5 Kg8 54. Be4 Kf8 55. Bd5 Kg8 56. g6 Kh8 57. Bxf7 Be7 58. f5 Bd8 59. Kg4 Bf6 60. Kh5 Bd8 61. g7+ Kh7 62. Bg6+ Kg8 63. Kg4 Bf6 64. Kf3 Bd8 65. Ke4 Be7 66. Kd5 Bd8 67. Ke6 Bf6 68. Bh5 Bd8 69. f6 Kh7 70. Bg4 Bc7 71. Bf5+ Kg8 72. h7# 1-0


[Site "https://www.chess.com"]

[Event "Titled Tuesday Blitz October 25 Late 2022"]
[White "Timmermans, Mark"]
[Black "Danielyan, Vahe"]
[WhiteFideId "1026399"]
[BlackFideId "13304828"]
[WhiteElo "2460"]
[BlackElo "2421"]
[Result "0-1"]
[Round "03"]
[TimeControl "180+1"]
[Date "2022.10.26"]
[WhiteClock "0:00:03"]
[BlackClock "0:01:09"]

1. b4 Nf6 2. Bb2 e6 3. b5 a6 4. a4 axb5 5. axb5 Rxa1 6. Bxa1 Be7 7. c4 O-O 8. e3 d5 9. Nf3 Nbd7 10. Be2 dxc4 11. Bxc4 Nb6 12. Be2 h6 13. O-O Bd7 14. Nc3 Nfd5 15. Qb3 Nxc3 16. Bxc3 Nd5 17. Bb2 Bd6 18. Ra1 Nb6 19. d4 Re8 20. Ne5 Qe7 21. Bf3 Rb8 22. Ra7 Bxe5 23. dxe5 Qc5 24. h3 Nd5 25. Ra5 b6 26. Ra7 Bxb5 27. Bd4 Qc1+ 28. Kh2 Bc4 29. Qa4 c5 30. Qd7 Rf8 31. Ba1 Qc2 32. Bh5 Qf5 33. Bxf7+ Qxf7 34. Qa4 b5 35. Rxf7 bxa4 36. Ra7 Bb5 37. Ra5 Rb8 0-1


[Site "https://www.chess.com"]

[Event "Titled Tuesday Blitz October 25 Late 2022"]
[White "Tokhirjonova, Gulrukhbegim"]
[Black "Baskakov, Egor"]
[WhiteFideId "14203626"]
[BlackFideId "24197866"]
[WhiteElo "2236"]
[BlackElo "2211"]
[Result "0-1"]
[Round "03"]
[TimeControl "180+1"]
[Date "2022.10.26"]
[WhiteClock "0:00:23"]
[BlackClock "0:00:50"]

1. e4 c5 2. Nf3 Nf6 3. e5 Nd5 4. c4 Nc7 5. d4 cxd4 6. Nxd4 Nc6 7. Nxc6 bxc6 8. Nc3 g6 9. Bf4 Bg7 10. Be2 Ne6 11. Bg3 Rb8 12. Rb1 Qa5 13. O-O Bxe5 14. b4 Qc7 15. Ne4 O-O 16. Qd2 f5 17. f4 Bg7 18. Ng5 d6 19. h4 Nxg5 20. hxg5 e5 21. c5 d5 22. b5 e4 23. Bf2 Be6 24. Rfc1 d4 25. Bxd4 Rfd8 26. Rb4 a5 27. bxa6 Rxb4 28. Qxb4 Bxd4+ 29. Kh1 Qxf4 30. Qe1 Bf2 31. g3 Qxg3 32. Qf1 e3 33. Bc4 Qf3+ 34. Kh2 Qf4+ 35. Kh1 Qe4+ 36. Kh2 Bxc4 37. Rxc4 Qe5+ 38. Kg2 e2 0-1


[Site "https://www.chess.com"]

[Event "Titled Tuesday Blitz October 25 Late 2022"]
[White "Toncheva, Nadya"]
[Black "Boruchovsky, Avital"]
[WhiteFideId "2924056"]
[BlackFideId "2800055"]
[WhiteElo "2101"]
[BlackElo "2466"]
[Result "0-1"]
[Round "03"]
[TimeControl "180+1"]
[Date "2022.10.26"]
[WhiteClock "0:00:02"]
[BlackClock "0:00:48"]

1. d4 Nf6 2. c4 e6 3. Nc3 Bb4 4. e3 O-O 5. Ne2 Re8 6. a3 Bf8 7. Ng3 d5 8. f4 b6 9. Bd3 c5 10. cxd5 exd5 11. O-O Nc6 12. Bb5 Bb7 13. Qf3 a6 14. Bxc6 Bxc6 15. Bd2 Ne4 16. Be1 Qf6 17. Rd1 Nxc3 18. Bxc3 c4 19. Rde1 a5 20. Nh5 Qf5 21. g4 Qe4 22. f5 Qxf3 23. Rxf3 b5 24. Bd2 b4 25. axb4 axb4 26. g5 Ra2 27. Bc1 c3 28. bxc3 bxc3 29. e4 dxe4 30. Rfe3 Rd8 31. f6 g6 32. Ng3 Rxd4 33. Rxc3 Bb7 34. Rc7 Rb4 35. Be3 Rbb2 36. h4 Rg2+ 37. Kh1 Rh2+ 38. Kg1 Rag2+ 39. Kf1 Ba6+ 40. Ne2 Bxe2+ 41. Rxe2 Rxe2 42. Bc5 Rc2 43. Rc8 0-1


[Site "https://www.chess.com"]

[Event "Titled Tuesday Blitz October 25 Late 2022"]
[White "Varriale, Luca"]
[Black "Grigorov, Grigor"]
[WhiteFideId "882461"]
[BlackFideId "2907313"]
[WhiteElo "2245"]
[BlackElo "2510"]
[Result "0-1"]
[Round "03"]
[TimeControl "180+1"]
[Date "2022.10.26"]
[WhiteClock "0:00:04"]
[BlackClock "0:01:27"]

1. e4 c6 2. d4 d5 3. Nc3 dxe4 4. Nxe4 Nf6 5. Nxf6+ exf6 6. c3 Na6 7. Bd3 Bd6 8. Ne2 Nc7 9. Qc2 h5 10. Bf4 Nd5 11. Bxd6 Qxd6 12. O-O-O Kf8 13. Ng3 Be6 14. Kb1 b6 15. Ne4 Qc7 16. Rhe1 Rd8 17. g3 h4 18. f3 hxg3 19. hxg3 g6 20. Rh1 Kg7 21. a3 f5 22. Ng5 Qxg3 23. Rhg1 Qf4 24. Nxe6+ fxe6 25. Qg2 Rh6 26. Rde1 Rd6 27. Qe2 Rh2 28. Qe5+ Qxe5 29. Rxe5 Rf2 30. Rg3 Nf4 31. Bc4 Kf6 32. Ka2 Rd8 33. a4 c5 34. dxc5 Kxe5 0-1


[Site "https://www.chess.com"]

[Event "Titled Tuesday Blitz October 25 Late 2022"]
[White "Vasquez Garrido, Nuremberg"]
[Black "Novik, Maxim"]
[WhiteFideId "4432118"]
[BlackFideId "4102924"]
[WhiteElo "2062"]
[BlackElo "2312"]
[Result "0-1"]
[Round "03"]
[TimeControl "180+1"]
[Date "2022.10.26"]
[WhiteClock "0:00:05"]
[BlackClock "0:01:44"]

1. e4 c6 2. d4 d5 3. exd5 cxd5 4. Bd3 Nc6 5. c3 Nf6 6. Bf4 Bg4 7. Nf3 e6 8. Nbd2 Bd6 9. Bxd6 Qxd6 10. O-O O-O 11. Re1 Rab8 12. Qb1 Bxf3 13. Nxf3 g6 14. Ne5 Nd7 15. f4 b5 16. Re3 b4 17. Qc2 bxc3 18. bxc3 Rfc8 19. Nxg6 Nb4 20. Ne7+ Qxe7 21. Bxh7+ Kh8 22. Qe2 Nf6 23. Bb1 Nc6 24. Rh3+ Kg7 25. Qf2 Rg8 26. f5 e5 27. dxe5 Nxe5 28. Qf4 Kf8 29. Re3 Rb2 30. g3 Nfg4 31. Re1 Nf3+ 32. Qxf3 Qxe1+ 33. Qf1 Qe3+ 0-1


[Site "https://www.chess.com"]

[Event "Titled Tuesday Blitz October 25 Late 2022"]
[White "Vasquez Schroeder, Rodrigo"]
[Black "Suder, Jakub"]
[WhiteFideId "3400042"]
[BlackFideId "1195310"]
[WhiteElo "2577"]
[BlackElo "2174"]
[Result "0-1"]
[Round "03"]
[TimeControl "180+1"]
[Date "2022.10.26"]
[WhiteClock "0:01:40"]
[BlackClock "0:01:07"]

1. e4 c5 2. Nf3 e6 3. d4 cxd4 4. Nxd4 Nc6 5. Nb5 Nf6 6. N1c3 d6 7. Bf4 e5 8. Bg5 a6 9. Na3 Be6 10. Nc4 Rb8 11. Bxf6 Qxf6 12. Nd5 Bxd5 13. Qxd5 Nb4 14. Qd2 d5 15. exd5 Rd8 16. Ne3 Bc5 17. c4 Bxe3 18. fxe3 Qh4+ 19. Kd1 Nc6 20. Kc2 O-O 21. Rd1 b5 22. Kb1 bxc4 23. Qc2 Na5 24. Qc3 Qe4+ 25. Qc2 Qxe3 26. Be2 Qc5 27. Qe4 c3 0-1


[Site "https://www.chess.com"]

[Event "Titled Tuesday Blitz October 25 Late 2022"]
[White "Velikanov, Alexander"]
[Black "Omariev, Maksim"]
[WhiteFideId "2039290"]
[BlackFideId "4193423"]
[WhiteElo "2259"]
[BlackElo "2429"]
[Result "1-0"]
[Round "03"]
[TimeControl "180+1"]
[Date "2022.10.26"]
[WhiteClock "0:00:20"]
[BlackClock "0:00:02"]

1. g3 d5 2. Bg2 c6 3. d3 Nf6 4. f4 Bf5 5. Nf3 e6 6. O-O Nbd7 7. Nc3 Bc5+ 8. e3 b5 9. Qe2 b4 10. Nd1 h5 11. h3 Qb6 12. Nf2 a5 13. Bd2 a4 14. a3 b3 15. c3 Qa6 16. Rfe1 Bb6 17. Ng5 Bg6 18. Rad1 Nc5 19. Bc1 O-O 20. Kh2 Rad8 21. Bf1 Rfe8 22. Qf3 Qc8 23. e4 dxe4 24. dxe4 Rxd1 25. Rxd1 Rd8 26. Be3 Rxd1 27. Qxd1 Qd7 28. Qf3 Qc7 29. f5 exf5 30. exf5 Bh7 31. Bc4 Nd5 32. Bxd5 cxd5 33. Nxh7 Kxh7 34. Qxh5+ Kg8 35. f6 Ne6 36. Ng4 Bxe3 37. Nxe3 Qb6 38. Qf3 d4 39. Nd5 Qc5 40. fxg7 dxc3 41. Nxc3 Kxg7 42. Nxa4 Qc2+ 43. Qg2 Qxg2+ 44. Kxg2 Nd4 45. Kf2 Nb5 46. Ke3 Kf6 47. Nc3 Nxa3 48. bxa3 b2 49. a4 Ke5 50. Nb1 1-0


[Site "https://www.chess.com"]

[Event "Titled Tuesday Blitz October 25 Late 2022"]
[White "Wieczorek, Oskar"]
[Black "Deac, Bogdan-Daniel"]
[WhiteFideId "1133950"]
[BlackFideId "1226380"]
[WhiteElo "2404"]
[BlackElo "2648"]
[Result "1/2-1/2"]
[Round "03"]
[TimeControl "180+1"]
[Date "2022.10.26"]
[WhiteClock "0:00:11"]
[BlackClock "0:00:04"]

1. e4 e5 2. Nf3 Nc6 3. Nc3 Nf6 4. h3 g6 5. Bc4 Bg7 6. d3 d6 7. a4 h6 8. a5 a6 9. O-O O-O 10. Re1 Re8 11. Be3 Be6 12. Bxe6 Rxe6 13. Nd5 Nd7 14. Qd2 Kh7 15. c4 Nd4 16. Bxd4 exd4 17. b4 g5 18. Nh2 c6 19. Nb6 Nxb6 20. axb6 Qxb6 21. f4 gxf4 22. Qxf4 Qxb4 23. Ng4 Re7 24. Rf1 Qc5 25. Qg3 d5 26. Rf5 Rf8 27. Raf1 Qb4 28. cxd5 cxd5 29. Qh4 dxe4 30. Rf6 Re6 31. Nxh6 Bxh6 32. Qxh6+ Kg8 33. Qg5+ Kh7 34. Qh5+ Kg7 35. Qh6+ Kg8 36. Rxe6 fxe6 37. Qxe6+ Kh8 38. Qe5+ Kg8 39. Qg5+ Kh8 40. Qh6+ Kg8 41. Qg6+ Kh8 42. Qh5+ Kg8 43. Qd5+ Kh8 44. Qe5+ Kg8 45. Qe6+ Kh8 46. Qh6+ Kg8 47. Qg6+ Kh8 48. Qh6+ 1/2-1/2


[Site "https://www.chess.com"]

[Event "Titled Tuesday Blitz October 25 Late 2022"]
[White "Wiegmann, Sascha"]
[Black "Krastev, Alexander"]
[WhiteFideId "4682041"]
[BlackFideId "12989983"]
[WhiteElo "2293"]
[BlackElo "2497"]
[Result "0-1"]
[Round "03"]
[TimeControl "180+1"]
[Date "2022.10.26"]
[WhiteClock "0:00:11"]
[BlackClock "0:01:46"]

1. Nf3 g6 2. g3 Bg7 3. Bg2 c5 4. O-O Nc6 5. e4 e6 6. c3 Nge7 7. d4 cxd4 8. cxd4 d5 9. e5 O-O 10. h4 Nf5 11. Nc3 f6 12. exf6 Qxf6 13. Bg5 Qf7 14. Ne2 b6 15. Re1 Ba6 16. Nc3 Nfxd4 17. Nxd4 Nxd4 18. Be3 Nf5 19. Qd2 d4 0-1


[Site "https://www.chess.com"]

[Event "Titled Tuesday Blitz October 25 Late 2022"]
[White "Yanayt, Eugene"]
[Black "chess50years"]
[WhiteFideId "2020165"]
[WhiteElo "2046"]
[BlackElo "1199"]
[Result "1-0"]
[Round "03"]
[TimeControl "180+1"]
[Date "2022.10.26"]
[WhiteClock "0:01:38"]
[BlackClock "0:01:01"]

1. e4 d6 2. d4 g6 3. h4 h6 4. h5 g5 5. f4 gxf4 6. Nh3 Bxh3 7. Rxh3 d5 8. exd5 Qxd5 9. Bxf4 Nc6 10. c3 O-O-O 11. Nd2 e5 12. Qg4+ Kb8 13. Bc4 Qd6 14. Bh2 Nf6 15. Qe2 Nxd4 16. cxd4 Qxd4 17. Rd3 Qh4+ 18. g3 1-0


[Site "https://www.chess.com"]

[Event "Titled Tuesday Blitz October 25 Late 2022"]
[White "Yedidia, Daniel"]
[Black "Levine, David"]
[WhiteFideId "30905907"]
[BlackFideId "2011611"]
[WhiteElo "2547"]
[BlackElo "2234"]
[Result "1-0"]
[Round "03"]
[TimeControl "180+1"]
[Date "2022.10.26"]
[WhiteClock "0:00:53"]
[BlackClock "0:00:17"]

1. d4 d5 2. c4 dxc4 3. Nf3 Nf6 4. e3 e6 5. Bxc4 c5 6. O-O a6 7. Nc3 b5 8. Be2 cxd4 9. exd4 Bb7 10. Ne5 Be7 11. Bf3 Nd5 12. Ne4 O-O 13. Nc5 Bc8 14. b4 Ra7 15. a4 Nxb4 16. axb5 a5 17. Be3 Nd5 18. Qb3 Qb6 19. Nc4 Qd8 20. b6 Rb7 21. Nxb7 Bxb7 22. Nxa5 Qd7 23. Nxb7 Qxb7 24. Ra7 Qxb6 25. Qxb6 Nxb6 26. Rxe7 1-0


[Site "https://www.chess.com"]